 Dungeon Crawl Stone Soup version 0.23.0-33-g5e6c059 (webtiles) character file.

Game seed: 0

403 night the Insei (level 6, -2/43 HPs)
             Began as a Demonspawn Transmuter on Feb 25, 2019.
             Killed from afar by Ijyb (14 damage)
             ... with a wand of acid (10)
             ... on level 5 of the Dungeon on Feb 26, 2019.
             The game lasted 00:11:55 (5117 turns).

night the Insei (Demonspawn Transmuter)             Turns: 5117, Time: 00:11:56

Health: -2/43      AC:  2    Str: 10 (12) XL:     6   Next: 55%
Magic:  18/18      EV: 10    Int: 13 (15) God:
Gold:   166        SH:  0    Dex: 12 (13) Spells: 8/9 levels left

rFire    . . .     SeeInvis .     - Unarmed
rCold    . . .     Gourm    .   (no shield)
rNeg     + . .     Faith    .   i - +0 ring mail
rPois    .         Spirit   .   (no helmet)
rElec    .         Reflect  .   (no cloak)
rCorr    .         Harm     .   (no gloves)
MR       .....                  g - +0 pair of boots
Stlth    +.........             q - amulet of the acrobat
HPRegen  0.14/turn              k - ring of magical power
MPRegen  0.16/turn              o - ring of positive energy (curse)

@: corroded
A: talons 2, demonic guardian 1
a: no special abilities


You were on level 5 of the Dungeon.
You were not hungry.

You visited 1 branch of the dungeon, and saw 5 of its levels.

You collected 166 gold pieces.

Inventory:

Missiles
 a - 36 arrows
 e - 165 stones (quivered)
 s - 45 bolts
Armour
 b - a +0 robe
 g - a +0 pair of boots (worn)
 i - a +0 ring mail (worn)
Jewellery
 k - a ring of magical power (left hand)
 o - a cursed ring of positive energy (right hand)
 q - an amulet of the acrobat (around neck)
Wands
 r - a wand of flame (18)
Scrolls
 f - 2 scrolls of amnesia {unknown}
 j - 5 scrolls of identify {unknown}
 n - a scroll of immolation {unknown}
 p - 2 scrolls of enchant weapon {unknown}
 t - a scroll of remove curse {unknown}
 v - 2 scrolls of teleportation {unknown}
 w - a scroll of random uselessness {unknown}
Potions
 c - a potion of degeneration
 h - a potion of ambrosia {unknown}
 l - a potion of magic {unknown}
 m - a potion of curing
Comestibles
 d - 7 rations


   Skills:
 - Level 1.0 Fighting
 - Level 1.7 Dodging
 + Level 6.8 Unarmed Combat
 - Level 2.0 Spellcasting
 - Level 1.7 Transmutations


You had 8 spell levels left.
You knew the following spells:

 Your Spells              Type           Power        Failure   Level  Hunger
a - Beastly Appendage     Tmut           #.....       32%         1    ##.....

Your spell library contained the following spells:

 Spells                   Type           Power        Failure   Level  Hunger
 Sticks to Snakes         Tmut           #.......     43%         2    ###....
 Spider Form              Tmut/Pois      #.........   80%         3    ####...
 Ice Form                 Ice/Tmut       #.......     99%         4    #####..
 Blade Hands              Tmut           #.........   100%        5    ######.


Dungeon Overview and Level Annotations

Branches:
Dungeon (5/15)
 Temple: D:4-7

Altars:
Kikubaaqudgha

Shops:
D:4 [

Annotations:
D:5 Ijyb


Innate Abilities, Weirdness & Mutations

You have razor-sharp toenails.
A weak demonic guardian rushes to your aid.


Message History

The iguana bites your ufetubus.
Your ufetubus barely misses the iguana.
Your ufetubus hits the iguana but does no damage.
Ijyb hits your ufetubus with a +4 club.
Your ufetubus hits the iguana.
Your ufetubus barely misses the iguana.
The iguana bites your ufetubus.
Your ufetubus dies!
Casting: Beastly Appendage (safe; 24% risk of failure)
Confirm with . or Enter, or press ? or * to list all spells.
Okay, then.
Wield which item (- for none, * to show all)? (? for menu, Esc to quit)
Okay, then.
As you read the scroll of fear, it crumbles to dust.
You assume a fearsome visage.
Ijyb resists with some effort.
The iguana looks frightened!
It was a potion of curing.
You feel better. Ijyb misses you.
It was a potion of degeneration.
There was something very wrong with that liquid.
You feel weakened.
You feel dopey.
You feel clumsy.
Ijyb zaps a wand.
The bolt of acid hits you!
You die...

.......##.##.....
.#.##............
.#....##........
..............##########
.......##......#.......#
##.....##..............#
.......##..............#
...####...###..........#
...# #...'.....@......#
.### #...#####.g......#
.. #...# ###........#
#...# #.....###### #...#
#...>....# #####
#........# ...l......#
...........#
..........####


You could see Ijyb and an iguana (fleeing).

Vanquished Creatures
  A phantom (D:4)
  Natasha (thrice) (D:4)
  An orc wizard (D:4)
  3 adders
  A worm (D:2)
  A dart slug (D:2)
  2 leopard geckos (D:1)
  7 orcs
  2 ball pythons
  2 giant cockroaches
  6 hobgoblins
  6 kobolds
  2 quokkas (D:2)
  6 bats
  5 frilled lizards
  7 goblins
  7 rats
62 creatures vanquished.

Vanquished Creatures (collateral kills)
  An ogre (D:4)
  A hound (D:4)
  An orc wizard (D:3)
  2 orc priests (D:3)
  3 orcs (D:3)
  A giant cockroach (D:3)
9 creatures vanquished.

Grand Total: 71 creatures vanquished

Notes
Turn   | Place    | Note
-------+----------+-------------------------------------------
     0 | D:1      | night the Demonspawn Transmuter began the quest for the
                  | Orb.
     0 | D:1      | Reached XP level 1. HP: 15/15 MP: 3/3
   170 | D:1      | Reached skill level 3 in Unarmed Combat
   268 | D:1      | Gained mutation: A weak demonic guardian rushes to your
                  | aid. [demonic ancestry]
   268 | D:1      | Reached XP level 2. HP: 21/21 MP: 5/5
   900 | D:2      | Reached XP level 3. HP: 24/26 MP: 3/6
   919 | D:2      | Reached skill level 4 in Unarmed Combat
  1740 | D:3      | Gained mutation: You have sharp toenails. [demonic
                  | ancestry]
  1740 | D:3      | Reached XP level 4. HP: 32/32 MP: 7/7
  2097 | D:3      | Reached skill level 5 in Unarmed Combat
  2349 | D:3      | Upgraded the game from 0.23.0-28-g6fe0f4d to
                  | 0.23.0-33-g5e6c059
  2534 | D:3      | Reached XP level 5. HP: 37/37 MP: 8/8
  3592 | D:4      | Noticed a phantom
  3615 | D:4      | Killed a phantom
  3615 | D:4      | Reached skill level 6 in Unarmed Combat
  3729 | D:4      | Noticed an ogre
  3743 | D:4      | Killed an ogre
  3743 | D:4      | Gained mutation: You have razor-sharp toenails. [demonic
                  | ancestry]
  3743 | D:4      | Reached XP level 6. HP: 13/43 MP: 9/9
  4045 | D:4      | Found an ancient bone altar of Kikubaaqudgha.
  4121 | D:4      | Found Ruydoep's Armour Shoppe.
  4450 | D:4      | Noticed Natasha
  4476 | D:4      | Killed Natasha
  4883 | D:4      | Noticed Natasha
  4895 | D:4      | Killed Natasha
  4965 | D:4      | Noticed Natasha
  4978 | D:4      | Killed Natasha
  5074 | D:5      | Entered Level 5 of the Dungeon
  5102 | D:5      | Noticed Ijyb
  5111 | D:5      | HP: 2/43 [acid (14)]
  5117 | D:5      | Killed from afar by Ijyb

Skill      XL: |  1  2  3  4  5 |
---------------+----------------+-----
Unarmed Combat | 3 4 5 6 |  6.8
Fighting       | |  1.0
Dodging        | |  1.7
Spellcasting   | |  2.0
Transmutations | |  1.7

Action                   |  1- 3 |  4- 6 || total
-------------------------+-------+-------++-------
Melee: Unarmed           |   184 |   117 ||   301
       Punch             |     3 |     5 ||     8
       Kick              |       |     5 ||     5
Throw: Stone             |     4 |       ||     4
 Cast: Beastly Appendage |     4 |       ||     4
  Use: Potion            |     1 |     2 ||     3
       Scroll            |       |     2 ||     2
 Stab: Sleeping          |     1 |       ||     1
  Eat: Chunk             |     3 |     7 ||    10
       Ration            |       |     1 ||     1
Armor: Chain mail        |    21 |       ||    21
       Ring mail         |    96 |    23 ||   119
Dodge: Dodged            |   135 |    58 ||   193
